 Dungeon Crawl Stone Soup version 0.31-a0-1074-g0b22e4e0f1 (webtiles) character file.

Game seed: 12533199002086337609

123059 Pooter the Warrior (level 16, -12/141 (143) HPs)
             Began as a Minotaur Monk on Dec 6, 2023.
             Was a High Priest of Hepliaklqana.
             Mangled by Doj's ghost (13 damage)
             ... on level 1 of the Swamp on Dec 7, 2023.
             The game lasted 02:55:09 (46476 turns).

Pooter the Warrior (Minotaur Monk)                 Turns: 46476, Time: 02:55:09

HP:   -12/141 (143) AC: 17    Str: 29    XL:     16   Next: 36%
MP:   21/22         EV:  9    Int:  7    God:    Hepliaklqana [*****.]
Gold: 787           SH:  5    Dex: 15    Spells: 15/15 levels left

rFire   + + .        a - +4 executioner's axe (heavy)
rCold   + + .        (shield currently unavailable)
rNeg    + + .        e - +2 plate armour {rC+}
rPois   +            s - +0 hat
rElec   +            (no cloak)
rCorr   +            k - +0 pair of gloves of the Rescuing Gods {*Slow rPois rN++ Dex+3}
SInv    .            X - +0 pair of boots
Will    +....        x - amulet of reflection Stlth
                     R - ring of flight
HPRegen 0.43/turn    F - ring of the Giraffatuar {rF+ Str+4}
MPRegen 0.18/turn

%: slow self (1%), reflection
@: resistant, flying, studying Ice Magic, lightly drained
A: reduced essence, horns 2, retaliatory headbutt
a: Renounce Religion, Recall Ancestor, Ancestor Identity, Transference, Idealise


You were on level 1 of the Swamp.
You worshipped Hepliaklqana.
Hepliaklqana was extremely pleased with you.
You visited 5 branches of the dungeon, and saw 25 of its levels.
You also visited: Ice Cave.

You collected 3237 gold pieces.
You spent 2450 gold pieces at shops.

Inventory:

Hand Weapons
 a - a +4 heavy executioner's axe (weapon)
   (You acquired it on level 13 of the Dungeon)
 b - a +3 heavy orcbow
   (You took it off an orc warrior on level 1 of the Orcish Mines)
 g - a +5 lajatang of speed
   (You took it off Agnes on level 15 of the Dungeon)
Missiles
 c - 4 curare-tipped darts
 j - 3 atropa-tipped darts (quivered)
 p - 6 javelins
 r - 18 boomerangs
 z - 4 darts of dispersal {!f}
Armour
 e - a +2 plate armour of cold resistance (worn)
   (You found it in an ice cave)
 k - the +0 pair of gloves of the Rescuing Gods (worn) {*Slow rPois rN++ Dex+3}
   (You found it on level 13 of the Dungeon)

   Dex+3:     It affects your dexterity (+3).
   rPois:     It protects you from poison rN++: It greatly protects you from
   negative energy.
   *Slow:     It may slow you when you take damage.
 s - a +0 hat (worn)
   (You found it on level 1 of the Elven Halls)
 X - a +0 pair of boots (worn)
   (You found it on level 11 of the Dungeon)
Jewellery
 x - an amulet of reflection (around neck)
   (You bought it in a shop on level 1 of the Dungeon)
 y - an amulet of the acrobat
   (You found it in an ice cave)
 C - a ring of willpower
   (You found it on level 2 of the Lair of Beasts)
 F - the ring of the Giraffatuar (right hand) {rF+ Str+4}
   (You found it on level 1 of the Elven Halls)

   [ring of protection from fire]

   Str+4:     It affects your strength (+4).
   rF+:       It protects you from fire.
 G - an amulet of guardian spirit
   (You took it off a wight on level 8 of the Dungeon)
 Q - a +6 ring of strength
   (You bought it in a shop on level 2 of the Orcish Mines)
 R - a ring of flight (left hand)
   (You bought it in a shop on level 2 of the Orcish Mines)
 S - the ring "Cadak" {MP+9 Dex+3 SInv}
   (You found it in an ice cave)

   [ring of magical power]

   Dex+3:     It affects your dexterity (+3).
   MP+9:      It affects your magic capacity (+9).
   SInv:      It lets you see invisible.
 U - a +4 ring of protection
   (You found it on level 10 of the Dungeon)
 Z - a +5 ring of evasion
   (You found it on level 4 of the Lair of Beasts)
Wands
 d - a wand of iceblast (7)
   (You found it on level 5 of the Dungeon)
 f - a wand of flame (28)
   (You found it on level 7 of the Dungeon)
 u - a wand of paralysis (21)
   (You found it on level 7 of the Dungeon)
 P - a wand of polymorph (10)
   (You found it on level 8 of the Dungeon)
 V - a wand of mindburst (10)
   (You found it on level 10 of the Dungeon)
Scrolls
 i - 8 scrolls of identify {@r1}
 m - 5 scrolls of poison {!r}
 t - 8 scrolls of teleportation {@r4}
 D - a scroll of silence
 E - 2 scrolls of butterflies
 H - a scroll of immolation {!r}
 J - 2 scrolls of noise {!r}
 M - 2 scrolls of revelation
 N - 4 scrolls of vulnerability {!r}
 Y - a scroll of blinking
Potions
 h - a potion of might
 l - 3 potions of magic
 n - 3 potions of resistance
 o - 11 potions of curing {@q1}
 q - 4 potions of attraction {!q}
 w - a potion of cancellation
 A - 3 potions of brilliance
 B - 10 potions of ambrosia
 I - a potion of invisibility
 K - 2 potions of heal wounds {@q2}
 O - 4 potions of enlightenment
 T - 3 potions of mutation {!q}
 W - 3 potions of haste {@q3}
Miscellaneous
 v - a phantom mirror
   (You found it on level 5 of the Lair of Beasts)
 L - a box of beasts
   (You found it on level 2 of the Lair of Beasts)


   Skills:
 + Level 18.9 Fighting
 * Level 17.3(18.8) Axes
 - Level 12.8(16.7) Maces & Flails
 - Level 0.3(8.2) Staves
 - Level 16.0 Ranged Weapons
 - Level 0.2 Throwing
 - Level 6.3 Armour
 - Level 3.3 Dodging
 - Level 10.1 Invocations
 - Level 8.0 Evocations


You had 15 spell levels left.
You didn't know any spells.
Your spell library contained the following spells:

 Spells                   Type           Power      Damage    Failure   Level
 Freeze                   Ice            0%         1d3       99%         1
 Necrotise                Necr           0%         1d4       99%         1
 Slow                     Hex            0%         N/A       99%         1
 Ensorcelled Hibernation  Hex/Ice        0%         N/A       100%        2
 Jinxbite                 Hex            0%         N/A       100%        2
 Lesser Beckoning         Tloc           0%         N/A       100%        2
 Static Discharge         Conj/Air       0%         3-3/arc   100%        2
 Confusing Touch          Hex            0%         N/A       100%        3
 Frozen Ramparts          Ice            0%         1d1       100%        3
 Gell's Gravitas          Tloc           0%         N/A       100%        3
 Hailstorm                Conj/Ice       0%         3d3       100%        3
 Inner Flame              Hex/Fire       0%         N/A       100%        3
 Sigil of Binding         Hex            0%         N/A       100%        3
 Teleport Other           Tloc           0%         N/A       100%        3
 Vampiric Draining        Necr           0%         2d6       100%        3
 Airstrike                Air            0%         2d(0-16)  100%        4
 Anguish                  Hex/Necr       0%         N/A       100%        4
 Animate Dead             Necr           0%         N/A       100%        4
 Leda's Liquefaction      Hex/Erth       0%         N/A       100%        4
 Summon Lightning Spire   Summ/Air       0%         N/A       100%        4
 Agony                    Necr           0%         N/A       100%        5
 Arcjolt                  Conj/Air       0%         1d10      100%        5
 Borgnjor's Vile Clutch   Necr/Erth      0%         N/A       100%        5
 Yara's Violent Unravell  Hex/Tmut       0%         3d3       100%        5
 Conjure Ball Lightning   Conj/Air       0%         3x3d6     100%        6
 Death Channel            Necr           0%         N/A       100%        6
 Enfeeble                 Hex            0%         N/A       100%        7
 Discord                  Hex            0%         N/A       100%        8
 Disjunction              Tloc           0%         N/A       100%        8


Dungeon Overview and Level Annotations

Branches:
Dungeon (15/15) Zot: 23610  Temple (0/1) D:6            Lair (5/5) D:11 Zot: 21810
  Swamp (1/4) Lair:3 Zot: 3474   Snake (0/4) Lair:2        Slime (0/5) Lair:5
    Orc (2/2) D:11 Zot: 2630     Elf (2/3) Orc:2 Zot: 8534  Vaults (0/5) D:13
 Depths (0/4) D:15          IceCv (visited)

Altars:
Ashenzari
Cheibriados
Elyvilon
Fedhas
Hepliaklqana
Kikubaaqudgha
Makhleb
Nemelex Xobeh
Okawaru
Qazlal
Sif Muna
Trog
Uskayaw
Vehumet
Xom
Yredelemnul
Zin
Jiyva

Shops:
D:1 [!=   D:5 *   Orc:1 ?[*   Orc:2 =*[(   Elf:1 ([[:=::

Portals:
Hell: Lair:5

Annotations:
Swamp:1 1 transporter, Doj's ghost, adept TrSh


Innate Abilities, Weirdness & Mutations

Your life essence is reduced to manifest your ancestor. (-10% HP)
You have a pair of horns on your head.
You reflexively headbutt those who attack you in melee.


Message History

You are too injured to fight recklessly!
You slice the spectral six-headed hydra!!
You barely miss the tyrant leech.
You open the bloated husk like a pillowcase!!!
The bloated husk explodes!
The blast of putrescent gases engulfs the seven-headed hydra simulacrum!!
The blast of putrescent gases engulfs the tyrant leech!!
The tyrant leech dies!
The blast of putrescent gases engulfs the spectral six-headed hydra!!
The spectral six-headed hydra is destroyed!
The blast of putrescent gases engulfs the spectral eight-headed hydra!!
The blast of putrescent gases engulfs you!!
* * * LOW HITPOINT WARNING * * *
The blast of putrescent gases engulfs the tyrant leech!!!
The bog body touches Cuetlachtli!
The bog body freezes Cuetlachtli!
Cuetlachtli resists.
Cuetlachtli hits the bog body with a +0 quarterstaff!
You lop one of the seven-headed hydra simulacrum's heads off!
You slice the six-headed hydra simulacrum!!
You completely miss the tyrant leech. The bog body casts a spell at you.
The bolt of cold hits Cuetlachtli!
Cuetlachtli resists.
The bolt of cold misses you. The tyrant leech bites you!!
* * * LOW HITPOINT WARNING * * *
The tyrant leech draws strength from your injuries!
Cuetlachtli hits the bog body with a +0 quarterstaff!!
The bog body touches Cuetlachtli!
The bog body freezes Cuetlachtli.
Cuetlachtli resists.
The spectral eight-headed hydra is engulfed in freezing vapours.
The spectral eight-headed hydra is destroyed!
The tyrant leech bites you but does no damage.
You carve Doj's ghost like a ham!!!! You barely miss the tyrant leech.
You block Doj's ghost's attack.
The bog body gestures at you while chanting.
Cuetlachtli easily resists.
The seven-headed hydra simulacrum bites Cuetlachtli but does no damage.
The seven-headed hydra simulacrum bites Cuetlachtli!
Cuetlachtli is destroyed!
The tyrant leech bites you!!
* * * LOW HITPOINT WARNING * * *
The tyrant leech draws strength from your injuries!
You slice Doj's ghost!! You slash the tyrant leech!
Doj's ghost hits you but does no damage.
The bog body casts a spell at you.
The bolt of cold hits you but does no damage.
You resist. The tyrant leech bites you!
* * * LOW HITPOINT WARNING * * *
Doj's ghost hits you!
You die...

.♣♣.♣ ♣.................♣
♣♣~♣♣ ....♣♣
♣........©.[......♣ ♣♣♣
R♣..~♣ ♣..#############..♣
.♣.~~♣ ♣..#..........©#..♣
♣♣..~♣♣♣..#...........#..♣
.♣~~~.♣♣..#..##...##..#..♣
♣♣♣~.^♣♣).#..#8...8#..#..♣
♣ ♣...♣♣..#.n##°w.##..#..♣
♣ ♣..~~♣..#..Z..@.....#..♣
♣♣.~R♣..#.?##.W.##..#..♣
♣......#..#8...8#..#..♣
♣♣.....#..##...##..#..♣
♣..~..#..Z?.......#..♣
♣♣....#..$$?!"$...#..♣
♣♣♣..#############..♣
♣........©........♣
♣.................♣


You could see a tyrant leech, a bog body, Doj's ghost and a seven-headed hydra
simulacrum.

Vanquished Creatures
  Agnes (D:15)
  Louise (D:14)
  An orc warlord (Orc:2)
  A white draconian (IceCv)
  Harold (Orc:1)
  6 hydras
  Erica (D:10)
  A hell beast (Lair:5)
  A catoblepas (Lair:2)
  5 dancing weapons
  6 centaur warriors
  2 two-headed ogres
  3 boulder beetles
  4 orc high priests
  2 occultists (D:15)
  9 deep elf knights (Elf:1)
  A skyshark (Lair:5)
  An orc knight (Orc:2)
  2 bog bodies
  A necromancer (D:15)
  2 deep elf archers (Elf:1)
  Pikel (D:5)
  12 deep elf pyromancers
  11 deep elf zephyrmancers (Elf:1)
  A spectral spriggan (Swamp:1)
  An orc sorcerer (Orc:2)
  9 ugly things
  A will-o-the-wisp (Swamp:1)
  A salamander (Lair:2)
  A manticore (D:13)
  2 elephants (Lair:4)
  3 centaur zombies (D:10)
  2 ice statues (IceCv)
  A torpor snail (Lair:5)
  A cyclops (D:12)
  A gargoyle (D:12)
  5 black mambas
  5 cane toads
  An unseen horror (D:12)
  4 rime drakes
  A kobold demonologist (D:10)
  4 komodo dragons
  An unseen horror zombie (D:10)
  An efreet (D:15)
  A tengu conjurer (D:13)
  4 yaktaurs (D:13)
  3 ice devils (Lair:5)
  A queen bee (D:12)
  2 meliai (D:12)
  10 trolls
  3 hornets
  A bloated husk (Swamp:1)
  2 tyrant leeches (Swamp:1)
  Grinder (D:4)
  A polar bear (Lair:3)
  8 blink frogs (Lair:2)
  A dream sheep (Lair:5)
  5 slime creatures
  3 wyverns
  23 yaks
  A centaur simulacrum (D:15)
  A vampire (D:10)
  3 wraiths
  2 basilisks
  A steam dragon (D:7)
  3 swamp worms (Swamp:1)
  A warg (Orc:2)
  Menkaure (D:4)
  A naga (Lair:2)
  An acid dragon (D:12)
  A hydra simulacrum (Swamp:1)
  8 water moccasins
  A hell hound (Lair:5)
  A swamp drake (Swamp:1)
  A black bear (Lair:5)
  19 orc warriors
  A sky beast (D:6)
  4 ogres
  6 wolves
  A boggart (D:13)
  22 centaurs
  5 kobold brigands
  2 gnoll sergeants (D:11)
  3 scorpions
  2 cane toad simulacra (Lair:4)
  3 bullfrogs
  5 wights
  An elephant simulacrum (Lair:4)
  19 killer bees
  2 lindwurm simulacra (IceCv)
  6 howler monkeys
  9 electric eels
  A jelly (Lair:5)
  2 gnoll boudas (D:8)
  A hound (D:5)
  19 orc priests
  A sleepcap (D:5)
  4 iguanas
  16 orc wizards
  A statue (D:5)
  A polar bear simulacrum (Lair:4)
  3 mummies (D:10)
  11 gnolls
  An acid dragon simulacrum (IceCv)
  5 adders
  A white imp (D:7)
  2 ufetubi (D:5)
  A steam dragon simulacrum (IceCv)
  4 worms
  4 dart slugs
  79 orcs
  4 endoplasms
  2 giant cockroaches
  3 goblins
  7 hobgoblins
  9 jackals
  3 quokkas
  5 ball pythons
  2 bats (D:2)
  2 frilled lizards
  9 kobolds
  9 rats
540 creatures vanquished.

Vanquished Creatures (collateral kills)
  3 bunyips (Swamp:1)
  A hydra (Lair:3)
  An ogre mage (D:15)
  A ghost crab (Swamp:1)
  A rakshasa (D:15)
  A centaur warrior (D:14)
  2 two-headed ogres (D:15)
  An alligator (Swamp:1)
  The ghost of bobo the Arsonist, a journeyman DEFE of Vehumet (D:11)
  A dancing weapon (Elf:1)
  2 orc high priests (Elf:1)
  A deep elf knight (Elf:1)
  A spriggan druid (Swamp:1)
  2 swamp dragons (Swamp:1)
  2 orc knights (Orc:2)
  4 deep elf archers
  A lindwurm (Lair:3)
  4 deep elf zephyrmancers
  3 deep elf pyromancers
  6 ugly things
  5 orc sorcerers
  A cyclops (D:13)
  5 elephants
  A black mamba (Lair:2)
  3 centaur zombies
  5 cane toads
  4 rime drakes
  A komodo dragon (Lair:2)
  3 kobold demonologists
  An ice devil (Lair:5)
  An efreet (D:15)
  2 tengu conjurers (D:15)
  3 trolls
  2 red devils (Lair:5)
  A hellwing (Lair:5)
  2 polar bears
  A meliai (D:12)
  A hornet (Swamp:1)
  2 blink frogs (Lair:2)
  A centaur simulacrum (D:15)
  8 slime creatures
  A meliai zombie (D:15)
  A shadow (D:12)
  2 spriggans (Swamp:1)
  A vampire (D:11)
  2 basilisks
  15 yaks
  A wraith (D:11)
  A swamp worm (Swamp:1)
  A warg (Orc:1)
  2 nagas (Lair:2)
  A hell hound (Lair:5)
  3 water moccasins
  An acid dragon (D:12)
  A swamp drake (Swamp:1)
  2 black bears
  14 orc warriors
  An ice beast (D:6)
  An ogre (D:15)
  12 wolves
  4 boggarts (Lair:5)
  4 centaurs
  5 kobold brigands
  8 bullfrogs
  A scorpion (D:11)
  14 wights
  An elephant simulacrum (Lair:4)
  A lindwurm simulacrum (IceCv)
  A howler monkey (D:12)
  8 killer bees
  An electric eel (D:11)
  A jelly (Lair:5)
  4 komodo dragon simulacra (IceCv)
  A hound (D:6)
  A human zombie (D:10)
  10 orc priests
  A battlemage (D:9)
  An iguana (D:6)
  11 orc wizards
  A wolf simulacrum (Lair:4)
  A gnoll (D:8)
  6 acid dragon simulacra (IceCv)
  An adder (D:6)
  A white imp (D:6)
  6 steam dragon simulacra (IceCv)
  30 orcs
  4 endoplasms (Lair:5)
  2 hobgoblins (D:10)
  8 kobolds
  A rat (D:14)
294 creatures vanquished.

Vanquished Creatures (others)
  2 spectral hydras (Swamp:1)
  A bog body (Swamp:1)
  A tyrant leech (Swamp:1)
  A bloated husk (Swamp:1)
  A bullfrog (D:9)
  A wight (D:8)
  37 battlemagi
  2 foxfires (Swamp:1)
46 creatures vanquished.

Grand Total: 880 creatures vanquished

Notes
Turn   | Place    | Note
-------+----------+-------------------------------------------
     0 | D:1      | Pooter the Minotaur Monk began the quest for the Orb.
     0 | D:1      | Reached XP level 1. HP: 19/19 MP: 0/0
    11 | D:1      | Found Irofilai's Jewellery Emporium.
    50 | D:1      | Found Qyfulan's Distillery.
    57 | D:1      | Noticed a shining eye
    61 | D:1      | Reached XP level 2. HP: 22/27 MP: 1/1
    76 | D:1      | Found a faded altar of an unknown god.
    77 | D:1      | Noticed a golden eye
    77 | D:1      | Noticed a great orb of eyes
    77 | D:1      | Noticed an eye of devastation
   160 | D:1      | Reached skill level 4 in Fighting
   293 | D:1      | Reached XP level 3. HP: 22/33 MP: 2/2
   356 | D:1      | Found Anoits's Armour Emporium.
   923 | D:2      | Found a shimmering blue altar of Sif Muna.
  1113 | D:1      | Bought a potion of curing for 42 gold pieces
  1315 | D:3      | Reached skill level 5 in Axes
  1352 | D:3      | Reached skill level 1 in Ranged Weapons
  1484 | D:3      | Reached XP level 4. HP: 41/41 MP: 3/3
  2041 | D:4      | Reached XP level 5. HP: 47/47 MP: 4/4
  2069 | D:4      | Found a basalt altar of Yredelemnul.
  2080 | D:4      | Found a sparkling altar of Nemelex Xobeh.
  2251 | D:4      | Noticed Menkaure
  2274 | D:4      | Killed Menkaure
  2275 | D:4      | Reached skill level 5 in Fighting
  2275 | D:4      | Reached XP level 6. HP: 27/56 MP: 5/5
  2710 | D:1      | Bought 2 potions of might for 112 gold pieces
  2793 | D:4      | Identified the +2 leather armour of the Ant {rN++}
  2822 | D:4      | Found a stormy altar of Qazlal.
  3029 | D:4      | Noticed Grinder
  3035 | D:4      | Paralysed by Grinder for 2 turns
  3039 | D:4      | Killed Grinder
  3040 | D:4      | Reached XP level 7. HP: 54/61 MP: 6/6
  3146 | D:5      | Entered Level 5 of the Dungeon
  3319 | D:5      | Reached skill level 5 in Ranged Weapons
  3378 | D:5      | Noticed Pikel
  3386 | D:5      | Killed Pikel
  3387 | D:5      | Reached skill level 6 in Fighting
  3387 | D:5      | Reached XP level 8. HP: 67/71 MP: 7/7
  3918 | D:5      | Found a white marble altar of Elyvilon.
  4038 | D:5      | Found a radiant altar of Vehumet.
  4115 | D:5      | Found Zin's Purification Station.
  4121 | D:5      | Found a glowing silver altar of Zin.
  4287 | D:6      | Reached skill level 1 in Evocations
  4637 | D:6      | Identified the flux talisman of the King of the Hill
                  | {Dex+4}
  4712 | D:6      | Reached skill level 7 in Fighting
  4712 | D:6      | Reached skill level 1 in Maces & Flails
  4741 | D:6      | Found a hazy altar of Hepliaklqana.
  4788 | D:6      | Became a worshipper of Hepliaklqana the Forgotten
  4788 | D:6      | Reached * piety under Hepliaklqana
  4788 | D:6      | Reached ** piety under Hepliaklqana
  4789 | D:6      | Remembered your ancestor Cuetlachtli as a battlemage
  4843 | D:6      | Found a staircase to the Ecumenical Temple.
  5380 | D:7      | Reached XP level 9. HP: 67/71 MP: 8/8
  6023 | D:8      | Reached skill level 5 in Maces & Flails
  6028 | D:8      | Reached skill level 1 in Invocations
  6248 | D:8      | Noticed a kobold demonologist
  6254 | D:8      | Killed a kobold demonologist
  6255 | D:8      | Reached skill level 8 in Fighting
  6400 | D:8      | Reached XP level 10. HP: 78/79 MP: 10/10
  6801 | D:9      | Found a broken altar of Ashenzari.
  6824 | D:9      | Reached *** piety under Hepliaklqana
  7157 | D:9      | Found a bloodstained altar of Trog.
  7683 | D:10     | Entered Level 10 of the Dungeon
  7688 | D:10     | Noticed Erica
  7700 | D:10     | Killed Erica
  7752 | D:10     | Found a blossoming altar of Fedhas.
  7794 | D:10     | Reached skill level 10 in Ranged Weapons
  7796 | D:10     | Reached skill level 9 in Fighting
  8005 | D:10     | Found an iron altar of Okawaru.
  8366 | D:10     | Noticed a sixfirhy
  8547 | D:10     | Reached XP level 11. HP: 87/87 MP: 13/13
  9163 | D:10     | Found a snail-covered altar of Cheibriados.
  9167 | D:10     | Found a shimmering altar of Xom.
  9455 | D:10     | Found an ancient bone altar of Kikubaaqudgha.
  9541 | D:10     | Reached skill level 5 in Evocations
  9883 | D:10     | Found a hide-covered altar of Uskayaw.
 10069 | D:11     | Noticed a two-headed ogre
 10079 | D:11     | Killed a two-headed ogre
 10080 | D:11     | Reached skill level 10 in Fighting
 10080 | D:11     | Reached skill level 5 in Invocations
 10196 | D:11     | Reached skill level 10 in Maces & Flails
 10264 | D:11     | Found a staircase to the Lair.
 10918 | D:11     | Found a staircase to the Orcish Mines.
 11339 | D:11     | Found a runed translucent gate.
 11339 | D:11     | Found a runed translucent gate.
 11339 | D:11     | Found a runed translucent gate.
 11340 | D:11     | Noticed bobo's ghost (journeyman DEFE)
 11782 | D:11     | Reached **** piety under Hepliaklqana
 12134 | Lair:1   | Entered Level 1 of the Lair of Beasts
 12141 | Lair:1   | Identified the +3 ring mail "Duemytoy" {Stlth+}
 12152 | Lair:1   | Reached XP level 12. HP: 67/96 MP: 15/15
 13025 | Lair:2   | Noticed a catoblepas
 13039 | Lair:2   | Killed a catoblepas
 13140 | Lair:2   | Reached skill level 11 in Fighting
 13270 | Lair:2   | Found a staircase to the Snake Pit.
 13589 | Lair:2   | Reached ***** piety under Hepliaklqana
 13932 | Lair:3   | Noticed a four-headed hydra
 13938 | Lair:3   | Killed a four-headed hydra
 14135 | Lair:3   | Noticed a five-headed hydra
 14144 | Lair:3   | Killed a five-headed hydra
 14327 | Lair:3   | Reached XP level 13. HP: 104/104 MP: 17/17
 15409 | Lair:3   | Found a staircase to the Swamp.
 15934 | Lair:4   | Found a frozen archway.
 15957 | IceCv    | Entered an ice cave
 17337 | IceCv    | Noticed a white draconian
 17354 | IceCv    | Killed a white draconian
 17521 | IceCv    | Identified the ring "Cadak" {MP+9 Dex+3 SInv}
 17851 | Lair:5   | Entered Level 5 of the Lair of Beasts
 17864 | Lair:4   | Reached skill level 12 in Fighting
 18860 | Lair:5   | Found a viscous altar of Jiyva.
 18860 | Lair:5   | Found a staircase to the Slime Pits.
 19810 | Lair:5   | Reached skill level 10 in Axes
 20483 | Lair:5   | Found a burning altar of Makhleb.
 20829 | Lair:5   | Reached skill level 13 in Fighting
 21727 | Lair:5   | Found a gateway to Hell.
 21740 | Lair:5   | Reached XP level 14. HP: 114/116 MP: 17/19
 21981 | Orc:1    | Entered Level 1 of the Orcish Mines
 22202 | Orc:1    | Found Anyruez's Magic Scroll Shop.
 22210 | Orc:1    | Bought a scroll of revelation for 97 gold pieces
 22210 | Orc:1    | Bought a scroll of identify for 26 gold pieces
 22210 | Orc:1    | Bought a scroll of silence for 123 gold pieces
 22210 | Orc:1    | Bought 2 scrolls of identify for 52 gold pieces
 22210 | Orc:1    | Bought a scroll of identify for 26 gold pieces
 22234 | Orc:1    | Found Ovodif's Antique Armour Emporium.
 22250 | Orc:1    | Found Zukhlumn's Assorted Antiques.
 22299 | Orc:1    | Bought a scroll of identify for 62 gold pieces
 22299 | Orc:1    | Bought a scroll of enchant weapon for 232 gold pieces
 22299 | Orc:1    | Bought a potion of curing for 93 gold pieces
 22370 | Orc:1    | You fall into a shaft and drop 1 floor!
 22370 | Orc:2    | Entered Level 2 of the Orcish Mines
 22770 | Orc:1    | Noticed Harold
 22779 | Orc:1    | Killed Harold
 22780 | Orc:1    | Reached skill level 15 in Ranged Weapons
 23227 | Orc:2    | Reached skill level 1 in Armour
 23779 | Orc:2    | Found a staircase to the Elven Halls.
 24020 | Orc:2    | Noticed an orc warlord
 24034 | Orc:2    | Killed an orc warlord
 30367 | Orc:2    | Found Dietibbo's General Store.
 30368 | Orc:2    | Found Zopry's Jewellery Emporium.
 30370 | Orc:2    | Found Oclered's Antique Armour Shoppe.
 30370 | Orc:2    | Found Annuatewi's Antique Weapon Shoppe.
 30385 | Orc:2    | Bought a scroll of brand weapon for 133 gold pieces
 30388 | Orc:2    | Bought a ring of flight for 210 gold pieces
 30388 | Orc:2    | Bought a +6 ring of strength for 432 gold pieces
 30400 | Orc:2    | Paralysed by an orc sorcerer for 3 turns
 30404 | Orc:2    | Reached skill level 14 in Fighting
 30658 | D:11     | Killed bobo's ghost
 31325 | D:12     | Got the Volume of the Vexatious Squall
 31863 | D:13     | Identified a scroll of acquirement
 31864 | D:13     | Acquired a +2 executioner's axe of venom
 31893 | D:13     | Found a white marble altar of Elyvilon.
 33696 | D:13     | Reached skill level 15 in Fighting
 33947 | D:13     | Reached skill level 5 in Armour
 34291 | D:13     | Identified the +0 pair of gloves of the Rescuing Gods
                  | {*Slow rPois rN++ Dex+3}
 34373 | D:13     | Found a gate to the Vaults.
 34536 | D:14     | Reached ****** piety under Hepliaklqana
 34660 | D:14     | Noticed Louise
 34680 | D:14     | Killed Louise
 34681 | D:14     | Reached XP level 15. HP: 20/123 MP: 4/21
 36174 | D:14     | Found a bloodstained altar of Trog.
 36224 | D:14     | Found a radiant altar of Vehumet.
 36315 | D:15     | Entered Level 15 of the Dungeon
 36612 | D:15     | Reached skill level 10 in Invocations
 36803 | D:15     | Noticed Agnes
 36809 | D:15     | Killed Agnes
 37252 | D:15     | Reached skill level 16 in Fighting
 38511 | D:15     | Found a staircase to the Depths.
 39005 | D:1      | Bought a potion of haste for 140 gold pieces
 39005 | D:1      | Bought a potion of heal wounds for 70 gold pieces
 39005 | D:1      | Bought a potion of heal wounds for 70 gold pieces
 39005 | D:1      | Bought a potion of resistance for 140 gold pieces
 39285 | Elf:1    | Entered Level 1 of the Elven Halls
 39303 | Elf:1    | Reached skill level 17 in Fighting
 40286 | Elf:1    | Reached skill level 15 in Axes
 40442 | Elf:1    | Found Qiekaopiorch's Weapon Emporium.
 40453 | Elf:1    | Found Kujixosch's Armour Shoppe.
 40465 | Elf:1    | Found Jaxkux's Antique Armour Shoppe.
 40468 | Elf:1    | Identified the ring of the Giraffatuar {rF+ Str+4}
 40490 | Elf:1    | Found Xoottuss's Book Shop.
 40764 | Elf:1    | Reached skill level 18 in Fighting
 41209 | Elf:1    | Reached XP level 16. HP: 141/141 MP: 22/22
 41841 | Elf:1    | Found Siutercha's Jewellery Shop.
 41841 | Elf:1    | Found Makk's Book Emporium.
 41842 | Elf:1    | Found Wiatef's Book Emporium.
 42589 | D:1      | Bought an amulet of reflection for 390 gold pieces
 43971 | Swamp:1  | Entered Level 1 of the Swamp
 46060 | Swamp:1  | Found a transporter.
 46060 | Swamp:1  | Noticed Doj's ghost (adept TrSh)
 46330 | Swamp:1  | Found a transporter.
 46476 | Swamp:1  | HP: 1/141 [tyrant leech (13)]
 46476 | Swamp:1  | Mangled by Doj's ghost

Illustrated notes

Levels and vault maps discovered:
D:1:      beargit_arrival_greenhouse, layout_rooms,
          hellmonk_ecumenical_altar_watching_god, serial_shops,
          nicolae_shop_tiny_waterfront, shop, nicolae_shop_tiny_glass,
          amcnicky_mini_corridor_feature, wad_floor_pattern_2,
          chequers_serial_rivers_micro_c, ebering_dispersal_statue_hall
D:2:      layout_rooms, basic_altar, kennysheep_path_1
D:3:      layout_loops_ring
D:4:      layout_basic, grunt_temple_overflow_open, lemuel_round_altar,
          uniq_menkaure, uniq_grinder
D:5:      nicolae_cairo_tiling_large_dashed, layout_loops_ring,
          mainiacjoe_overflow_24_doors, vehumet_statue, zin_purify,
          minmay_diced_spiral, uniq_pikel
D:6:      layout_loops_ring, nicolae_hepliaklqana_hippocampus,
          minmay_temple_entry_statues_fountains, mrwooster_statue_mirror
D:7:      layout_basic
D:8:      minmay_the_grid_square_5x5_3x3 [minmay_the_grid_square_5x5_forky,
          minmay_the_grid_square_5x5_n_small, minmay_the_grid_square_5x5_slash,
          minmay_the_grid_square_5x5_gyroscope,
          minmay_the_grid_square_5x5_megaprize_hollow,
          minmay_the_grid_square_5x5_six_small, minmay_the_grid_square_5x5_n,
          minmay_the_grid_square_5x5_six, minmay_the_grid_square_5x5_minibox],
          layout_rooms
D:9:      layout_cave_pools, kennysheep_little_box, mainiacjoe_overflow_brackets
D:10:     layout_cave_pools, overflow_temple_1_default,
          mainiacjoe_overflow_small_starburst, okawaru_trees_1, fedhas_altar_1,
          nicolae_uskayaw_suspiria, lemuel_mausoleum_altar_kikubaaqudgha,
          enter_bailey_4, uniq_erica
D:11:     layout_basic, grunt_lair_entry_orc_guard_hut,
          kennysheep_orc_monster_closet_entryway, ebering_ghost_rock_garden,
          serial_curves, eino_curves_03, eino_curves_02
D:12:     layout_roguey [special_room_bee], serial_curves, eino_curves_03,
          eino_curves_04
D:13:     layout_stronghold, hangedman_vaults_entry_quadrant_bands,
          elyvilon_altar_4
D:14:     layout_loops_ring, lemuel_coloured_pillars_altar, special_room
          [special_room_orc], tgw_trog, uniq_louise
D:15:     grunt_enter_depths_magical_seal, layout_basic, nicolae_the_louvre,
          st_stairs_10, uniq_agnes
Lair:1:   layout_chaotic_city
Lair:2:   layout_cave_shapes, alex1729_snake_entry_snake
Lair:3:   layout_regular_city, nicolae_swamp_entry_splash_gauntlet,
          grunt_megastairs_3, lemuel_fruit_tree
Lair:4:   layout_big_grid, portal_ice_cave_entry_ice_simulacra
Lair:5:   evil_forest, layout_loops_ring, slime_entry_2,
          chequers_serial_rivers_room_b, kilobyte_rumbling_trees
Swamp:1:  layout_falls_marsh, gammafunk_ghost_mausoleum,
          evilmike_swamp_ruin_rubble_2, swamp_pool_5, nicolae_swamp_big_swirl
Orc:1:    layout_diamond_mine, serial_shops, shop, shop, shop, uniq_harold
Orc:2:    st_orc_congregation, layout_caves, basic_altar, lemuel_statue_altar
Elf:1:    nicolae_elf_arrival_no_cutting_in_line, layout_loops_corners,
          serial_shops, shop, shop, nicolae_shop_bloodbath_and_beyond, shop,
          hangedman_elven_crosses_minicolossus, serial_sigils_hangedman_shear,
          minmay_shop_grove
Elf:2:    nicolae_elf_blades_crystal_corner, layout_loops_corners, st_stairs_9

Skill      XL: |  1  2  3  4  5  6  7  8  9 10 11 12 13 14 15 16 |
---------------+-------------------------------------------------+-----
Axes           | 4 5 6 7 8 9 10 12 15 17 | 17.3
Fighting       | 4 5 6 7 8 9 10 11 13 15 18 | 18.9
Ranged Weapons | 1 2 3 4 6 7 9 10 11 13 14 16 | 16.0
Evocations     | 1 3 4 5 6 8 |  8.0
Maces & Flails | 2 6 8 10 12 | 12.8
Invocations    | 2 4 5 7 8 9 10 | 10.1
Armour         | 5 6 |  6.3
Staves         | |  0.3
Throwing       | |  0.2
Dodging        | |  3.3

Action                     |  1- 3 |  4- 6 |  7- 9 | 10-12 | 13-15 | 16-18 || total
---------------------------+-------+-------+-------+-------+-------+-------++-------
  Melee: Hand axe          |    55 |    56 |    79 |       |       |       ||   190
         Headbutt          |    12 |    12 |    24 |    68 |    62 |     5 ||   183
         Flail             |       |       |    37 |   280 |   199 |       ||   516
         Punch             |       |       |       |     5 |     6 |       ||    11
         Executioner's axe |       |       |       |       |    61 |    25 ||    86
   Fire: Sling             |    41 |    54 |    72 |    56 |       |       ||   223
         Orcbow            |       |       |       |   193 |   799 |    89 ||  1081
  Throw: Dart              |       |    12 |     7 |    16 |     1 |       ||    36
 Invoke: Recall Ancestor   |       |       |     1 |       |     2 |     2 ||     5
         Ancestor Life: Ba |       |       |     1 |       |       |       ||     1
         Transference      |       |       |       |     1 |       |       ||     1
         Idealise          |       |       |       |       |     7 |       ||     7
  Evoke: Wand              |       |     1 |     6 |    20 |    21 |       ||    48
         Box of beasts     |       |       |       |       |     3 |       ||     3
         Phantom mirror    |       |       |       |       |     1 |       ||     1
    Use: Scroll            |     4 |       |     9 |    12 |    13 |     1 ||    39
         Potion            |       |       |     2 |     4 |     7 |     1 ||    14
   Stab: Invisible         |       |     1 |       |       |       |       ||     1
         Distracted        |       |       |     2 |     3 |     2 |       ||     7
         Paralysed         |       |       |     2 |       |       |       ||     2
         Petrified         |       |       |       |     2 |       |       ||     2
 Armour: Robe              |    28 |     6 |       |       |       |       ||    34
         Swamp dragon scal |       |    22 |    96 |   128 |    34 |       ||   280
         Plate armour      |       |       |       |   226 |   423 |    67 ||   716
  Dodge: Dodged            |    32 |    32 |    61 |   128 |   196 |    24 ||   473
  Block: Other             |       |       |       |       |       |     6 ||     6
         Reflection        |       |       |       |       |       |     1 ||     1

Table legend: (Time is in decaauts)
 A = Elapsed time spent in this place.
 B = Non-inter-level travel time spent in this place.
 C = Inter-level travel time spent in this place.
 D = Time resting spent in this place.
 E = Time spent auto-exploring this place.
 F = Levels seen in this place.
 G = Mean time per level.
                   A        B        C        D        E       F      G
               +--------+--------+--------+--------+--------+-----+--------+
         Total |  46752 |  44272 |   2480 |  24825 |  14040 |  26 | 1798.2 |
       Dungeon |  21579 |  20132 |   1447 |   8212 |   9101 |  15 | 1438.6 |
          Lair |   8189 |   7911 |    278 |   3903 |   3032 |   5 | 1637.8 |
         Swamp |   2524 |   2489 |     35 |   1920 |    417 |   1 | 2524.0 |
  Orcish Mines |   9370 |   8925 |    445 |   7559 |    689 |   2 | 4685.0 |
   Elven Halls |   3465 |   3191 |    274 |   1992 |    642 |   2 | 1732.5 |
      Ice Cave |   1624 |   1624 |      0 |   1238 |    159 |   1 | 1624.0 |
               +--------+--------+--------+--------+--------+-----+--------+

Top non-repeatable levels by time:
   Orc:2: 8537 daAuts
  Lair:5: 3890 daAuts
   Elf:1: 2980 daAuts
    D:11: 2676 daAuts
    D:13: 2662 daAuts
 Swamp:1: 2524 daAuts
    D:15: 2463 daAuts
    D:10: 2152 daAuts
    D:14: 1943 daAuts
  Lair:3: 1908 daAuts
   IceCv: 1624 daAuts
     D:5: 1421 daAuts
    D:12: 1149 daAuts
     D:9: 1105 daAuts
     D:4: 1101 daAuts
